AoeStats
← filali-777

Arabia

505132665Analyzed
2v2 RM · 26d ago on Sep 8, 2026· 61m 30s· 4 players
Game mode
Random Map
Map size
Medium (4 player)
Population
200
Speed
Normal
Resources
Standard
Victory
Conquest
Starting age
Dark Age
Ending age
Imperial Age
RankedLock teamsTeams togetherTeam positionsShared explorationLock speedFull tech treeHidden civsTurbo modeCheats
Victory
Defeat
🇳🇱 Georgians · Netherlands
478
+18
🇨🇴 Persians · Colombia
443
+19
🇨🇴 Vietnamese · Colombia
544
-19
🇨🇴 Persians · Colombia
494
-18
filali-777
9:30 Feudal Age
11:07 Wheelbarrow
10:42 Man-at-Arms
11:53 Double-Bit Axe
15:25 Horse Collar
17:24 Gold Mining
17:32 Stone Mining
19:11 Fletching
22:06 Forging
22:42 Arson
23:02 Scale Mail Armor
23:18 Loom
25:15 Padded Archer Armor
38:05 Castle Age
39:19 Bow Saw
39:27 Hand Cart
38:35 Long Swordsman
42:26 Pikeman
44:38 Bodkin Arrow
47:05 Heavy Plow
48:55 Iron Casting
52:50 Leather Archer Armor
53:19 Bloodlines
53:12 Town Watch
54:38 Treadmill Crane
55:19 Masonry
57:03 Svan Towers
56:27 Light Cavalry
Renyman III
5:25 Loom
12:27 Feudal Age
13:56 Horse Collar
16:23 Scale Barding Armor
18:56 Castle Age
25:48 Wheelbarrow
30:31 Double-Bit Axe
31:23 Padded Archer Armor
31:55 Heavy Plow
31:57 Fletching
33:15 Ballistics
33:21 Kamandaran
33:51 Crossbowman
34:37 Thumb Ring
38:06 Elite Skirmisher
39:14 Gold Mining
41:31 Husbandry
42:56 Bow Saw
43:17 Heated Shot
47:27 Imperial Age
46:32 Leather Archer Armor
47:28 Bodkin Arrow
48:31 Elite Skirmisher
50:16 Town Watch
50:47 Hand Cart
52:20 Chemistry
53:45 Two-Man Saw
54:30 Ring Archer Armor
56:19 Elite War Elephant
59:05 Crop Rotation
60:16 Bloodlines
Valk
0:56 Loom
13:44 Feudal Age
14:58 Wheelbarrow
16:19 Double-Bit Axe
23:27 Horse Collar
25:24 Bloodlines
27:21 Castle Age
27:52 Squires
27:13 Pikeman
30:41 Thumb Ring
32:39 Padded Archer Armor
32:41 Scale Mail Armor
32:47 Scale Barding Armor
32:07 Light Cavalry
33:31 Elite Skirmisher
34:39 Leather Archer Armor
34:15 Fletching
40:00 Bodkin Arrow
40:33 Hand Cart
40:53 Husbandry
43:04 Bow Saw
42:58 Heavy Plow
46:34 Chain Mail Armor
46:40 Chain Barding Armor
46:30 Forging
47:52 Gold Mining
51:19 Stone Mining
52:05 Gold Shaft Mining
52:11 Iron Casting
59:06 Imperial Age
59:33 Imperial Skirmisher
60:15 Halberdier
rafaeldelfascio
2:22 Loom
11:44 Feudal Age
13:54 Gold Mining
14:13 Double-Bit Axe
25:19 Castle Age
26:44 Crossbowman
27:32 Thumb Ring
27:26 Fletching
27:37 Padded Archer Armor
27:03 Pikeman
27:43 Squires
30:42 Bodkin Arrow
30:50 Scale Mail Armor
31:34 Wheelbarrow
45:33 Stone Mining
47:06 Elite Skirmisher
51:01 Imperial Age
51:04 Hand Cart
51:50 Elite Rattan Archer
54:15 Bow Saw
53:55 Horse Collar
54:01 Halberdier
Connection lost

Rejoining the realm…

Still unreachable

The connection could not be restored.

Session expired

The server has moved on; the page needs a fresh start.